 Dungeon Crawl Stone Soup version 0.29-a0-721-g7f417c9bbb (webtiles) character file.

Game seed: 4357127016415442542

1740 dolemite99 the Skirmisher (level 8, 0/56 HPs)
             Began as a Demonspawn Hunter on June 27, 2022.
             Was a Believer of Okawaru.
             Slain by a gnoll shaman
             ... wielding a +0 whip
              (4 damage)
             ... on level 4 of the Dungeon.
             The game lasted 00:07:21 (6087 turns).

dolemite99 the Skirmisher (Demonspawn Hunter)       Turns: 6087, Time: 00:07:22

Health: 0/56       AC: 12    Str: 13    XL:     8   Next: 77%
Magic:  8/8        EV:  6    Int: 10    God:    Okawaru [**....]
Gold:   166        SH:  0    Dex: 18    Spells: 7/7 levels left

rFire   . . .      SeeInvis .   a - +5 shortbow
rCold   . . .      Faith    .   (shield currently unavailable)
rNeg    . . .      Spirit   .   t - +0 chain mail
rPois   .          Reflect  .   g - +0 helmet
rElec   .          Harm     .   (no cloak)
rCorr   .          Rampage  .   q - +0 pair of gloves
Will    .....                   (no boots)
Stlth   ..........              (no amulet)
HPRegen 0.18/turn               (no ring)
MPRegen 0.11/turn               (no ring)

@: lit by a corona, glowing
A: claws 2, powered by death 2, demonic magic 1
a: Renounce Religion, Heroism


You were on level 4 of the Dungeon.
You worshipped Okawaru.
Okawaru was pleased with you.
You visited 1 branch of the dungeon, and saw 5 of its levels.

You collected 166 gold pieces.

Inventory:

Hand Weapons
 a - a +5 shortbow (weapon)
 e - a +1 dagger of electrocution
 h - a +0 trident
 j - a +0 rapier
 l - a +0 whip of flaming
 r - a +2 war axe of flaming
Armour
 c - a +1 leather armour
 g - a +0 helmet (worn)
 q - a +0 pair of gloves (worn)
 t - a +0 chain mail (worn)
Magical Staves
 p - a staff of cold
Wands
 k - a wand of flame (8)
 u - a wand of paralysis (7)
Scrolls
 b - 2 scrolls of immolation
 f - a scroll of amnesia
 i - a scroll of identify {@r1}
 o - 3 scrolls of vulnerability
Potions
 d - a potion of mutation {unknown}
 m - a potion of attraction
 n - a potion of haste {unknown}


   Skills:
 + Level 2.1 Fighting
 - Level 9.8 Ranged Weapons
 - Level 4.8 Armour
 - Level 1.7 Dodging
 - Level 0.8 Stealth


You had 7 spell levels left.
You didn't know any spells.
Your spell library contained the following spells:

 Spells                   Type           Power      Damage    Failure   Level
 Beastly Appendage        Tmut           0%         N/A       100%        1
 Sting                    Tmut/Pois      0%         1d3       100%        1
 Poisonous Vapours        Pois/Air       0%         N/A       100%        2
 Wereblood                Tmut           0%         N/A       100%        2
 Dazzling Flash           Conj/Hex       0%         N/A       100%        3
 Spider Form              Tmut/Pois      0%         N/A       100%        3
 Hailstorm                Conj/Ice       0%         3d3       100%        4
 Ice Form                 Ice/Tmut       0%         N/A       100%        4
 Iskenderun's Mystic Bla  Conj/Tloc      0%         2d3       100%        4
 Olgreb's Toxic Radiance  Pois           0%         N/A       100%        4
 Starburst                Conj/Fire      0%         6d3       100%        6
 Simulacrum               Ice/Necr       Unusable   N/A       N/A         6

Dungeon Overview and Level Annotations

Branches:
Dungeon (5/15)
 Temple: D:4-7

Altars:
Kikubaaqudgha
Okawaru
Trog
Wu Jian
Xom
The Shining One

Annotations:
D:4 2 transporters, chrisa4242's ghost, weakling OpDe


Innate Abilities, Weirdness & Mutations

You have very sharp fingernails.
You regenerate health from kills.
Spells you cast may paralyse adjacent enemies.


Message History

The gnoll hits you but does no damage.
The gnoll shaman hits you but does no damage.
The gnoll hits you but does no damage.
The gnoll shaman hits you with a +0 whip.
Fire: a) +5 shortbow
Press: ? - help, Q - select action, (/) - cycle Shift-Dir - straight line, f/p - gnoll shaman
Aim: a gnoll shaman, wielding a +0 whip and wearing a +0 robe (lightly wounded, 73% to hit)
You shoot an arrow. The arrow hits the gnoll shaman.
The gnoll shaman is lightly wounded.
The gnoll hits you but does no damage.
The gnoll shaman hits you with a +0 whip.
Fire: a) +5 shortbow
Press: ? - help, Q - select action, (/) - cycle Shift-Dir - straight line, f/p - gnoll shaman
Aim: a gnoll shaman, wielding a +0 whip and wearing a +0 robe (lightly wounded, 73% to hit)
You shoot an arrow. The arrow hits the gnoll shaman!
The gnoll shaman is severely wounded.
The gnoll hits you with a +0 spear.
The gnoll shaman calls upon its god to heal the gnoll.
The gnoll is healed somewhat.
The gnoll hits you with a +0 spear.
The gnoll shaman calls upon its god to heal the gnoll.
The gnoll's wounds heal themselves!
Fire: a) +5 shortbow
Press: ? - help, Q - select action, (/) - cycle Shift-Dir - straight line, f/p - gnoll shaman
Aim: a gnoll shaman, wielding a +0 whip and wearing a +0 robe (severely wounded, 73% to hit)
You shoot an arrow.
The arrow hits the gnoll shaman but does no damage.
The gnoll shaman is severely wounded.
The gnoll hits you with a +0 spear. The gnoll shaman barely misses you.
Fire: a) +5 shortbow
Press: ? - help, Q - select action, (/) - cycle Shift-Dir - straight line, f/p - gnoll shaman
Aim: a gnoll shaman, wielding a +0 whip and wearing a +0 robe (severely wounded, 73% to hit)
You shoot an arrow.
The arrow closely misses the gnoll shaman.
The gnoll barely misses you.
The gnoll shaman hits you with a +0 whip!
* * * LOW HITPOINT WARNING * * *
The gnoll hits you with a +0 spear!
* * * LOW HITPOINT WARNING * * *
The gnoll shaman hits you with a +0 whip.
You die...

#.....# #..#.#..
#.....# #..#.#..
#.....# #..#.#..
#....†# #..#.#..
#.###.####..#.#..
#.###....#†.#.#..
#........<....#..
########..####.#..
#@)...............
#gg...............
########.#....##..
#.#....#### #.#....#
#########
########.#....####
#.......#
#.................
##.####.#
#####..........#.#####
#.# #.#
#..............#.#....


You could see a gnoll shaman and a gnoll.

Vanquished Creatures
  Pikel (D:4)
  An orc warrior (D:5)
  A black bear (D:5)
  2 ogres
  Blork the orc (D:4)
  2 scorpions
  A jelly (D:4)
  A hound (D:5)
  2 orc priests (D:5)
  2 iguanas
  Terence (D:3)
  Natasha (thrice) (D:4)
  Robin (D:3)
  8 adders
  5 gnolls
  2 ufetubi
  4 worms
  4 dart slugs
  3 orcs
  9 bats
  5 endoplasms
  6 giant cockroaches
  21 goblins
  4 hobgoblins
  5 jackals
  5 quokkas
  13 ball pythons
  3 frilled lizards
  9 kobolds
  12 rats
137 creatures vanquished.

Vanquished Creatures (collateral kills)
  Grinder (D:3)
  An endoplasm (D:3)
2 creatures vanquished.

Vanquished Creatures (others)
  5 plants (D:5)
5 creatures vanquished.

Grand Total: 144 creatures vanquished

Notes
Turn   | Place    | Note
-------+----------+-------------------------------------------
     0 | D:1      | dolemite99 the Demonspawn Hunter began the quest for the
                  | Orb.
     0 | D:1      | Reached XP level 1. HP: 16/16 MP: 1/1
    89 | D:1      | Reached skill level 4 in Ranged Weapons
   110 | D:1      | Gained mutation: You regenerate a little health from kills.
                  | [demonic ancestry]
   110 | D:1      | Reached XP level 2. HP: 22/22 MP: 2/2
   620 | D:2      | Gained mutation: You regenerate health from kills. [demonic
                  | ancestry]
   620 | D:2      | Reached XP level 3. HP: 27/27 MP: 3/3
  1128 | D:2      | Reached skill level 5 in Ranged Weapons
  1174 | D:2      | You fall into a shaft and drop 2 floors!
  1511 | D:4      | Noticed Natasha
  1521 | D:4      | Killed Natasha
  1522 | D:4      | Reached XP level 4. HP: 23/33 MP: 4/4
  1613 | D:3      | Noticed Robin
  1628 | D:3      | Killed Robin
  1815 | D:3      | Noticed an ogre
  1819 | D:3      | Killed an ogre
  1820 | D:3      | Reached skill level 6 in Ranged Weapons
  1820 | D:3      | Gained mutation: You have sharp fingernails. [demonic
                  | ancestry]
  1820 | D:3      | Reached XP level 5. HP: 29/38 MP: 5/5
  2009 | D:3      | Noticed Grinder
  2028 | D:3      | Paralysed by Grinder for 4 turns
  2034 | D:3      | Killed Grinder
  2035 | D:3      | Reached skill level 7 in Ranged Weapons
  2035 | D:3      | Gained mutation: You have very sharp fingernails. [demonic
                  | ancestry]
  2035 | D:3      | Reached XP level 6. HP: 11/44 MP: 6/6
  3017 | D:3      | Found an iron altar of Okawaru.
  3017 | D:3      | Found a bloodstained altar of Trog.
  3018 | D:3      | Found an ancient bone altar of Kikubaaqudgha.
  3034 | D:3      | Became a worshipper of Warmaster Okawaru
  3099 | D:2      | Reached XP level 7. HP: 50/50 MP: 7/7
  3596 | D:3      | Found a shimmering altar of Xom.
  3598 | D:3      | Found a shimmering altar of Xom.
  3598 | D:3      | Found an ornate altar of the Wu Jian Council.
  3598 | D:3      | Found an iron altar of Okawaru.
  3598 | D:3      | Noticed Terence
  3606 | D:3      | Killed Terence
  3874 | D:4      | Noticed Natasha
  3876 | D:4      | Killed Natasha
  3877 | D:4      | Reached skill level 8 in Ranged Weapons
  4173 | D:4      | Noticed Blork the orc
  4180 | D:4      | Killed Blork the orc
  4397 | D:4      | Noticed chrisa4242's ghost (weakling OpDe)
  4398 | D:4      | Found a transporter.
  4403 | D:4      | Noticed Natasha
  4406 | D:4      | Killed Natasha
  4565 | D:4      | Found a transporter.
  4665 | D:4      | Noticed Pikel
  4678 | D:4      | HP: 2/50 [Pikel/+0 whip of flaming (2)]
  4684 | D:4      | Killed Pikel
  4684 | D:4      | Reached * piety under Okawaru
  4685 | D:4      | Reached skill level 9 in Ranged Weapons
  4685 | D:4      | Gained mutation: Spells you cast may paralyse adjacent
                  | enemies. [demonic ancestry]
  4685 | D:4      | Reached XP level 8. HP: 14/56 MP: 8/8
  5531 | D:4      | Reached skill level 1 in Armour
  5659 | D:5      | Entered Level 5 of the Dungeon
  6012 | D:5      | Reached ** piety under Okawaru
  6087 | D:4      | Slain by a gnoll shaman

Illustrated notes

Levels and vault maps discovered:
D:1:      heliophobic_arrival_ceremonial_halls, layout_basic
D:2:      layout_loops_corners
D:3:      layout_loops_ring, doesnt_xom_only_xom,
          gammafunk_temple_overflow_claw, serial_park_tiny_pond,
          minmay_misc_feat_roman, minmay_mini_jars, uniq_robin, uniq_terence,
          uniq_grinder
D:4:      layout_basic, gammafunk_ghost_arena, ebering_dispersal_statue_hall,
          uniq_blork_the_orc, uniq_pikel, uniq_natasha
D:5:      layout_loops_cross, makhleb_altar_promises_db, elyvilon_altar_3,
          zin_scriptorium, minmay_temple_entry_glass, guppyfry_early_lair_pool

Skill      XL: |  1  2  3  4  5  6  7  8 |
---------------+-------------------------+-----
Ranged Weapons | 4 5 6 7 9 |  9.8
Armour         | 4 |  4.8
Fighting       | |  2.1
Dodging        | |  1.7
Stealth        | |  0.8

Action                   |  1- 3 |  4- 6 |  7- 9 || total
-------------------------+-------+-------+-------++-------
 Fire: Shortbow          |   104 |   107 |   168 ||   379
  Use: Scroll            |     9 |     6 |     4 ||    19
       Potion            |       |       |     2 ||     2
Armor: Leather armour    |    11 |    13 |     1 ||    25
       Chain mail        |       |       |    78 ||    78
Dodge: Dodged            |    24 |    29 |    57 ||   110

Table legend: (Time is in decaauts)
 A = Elapsed time spent in this place.
 B = Non-inter-level travel time spent in this place.
 C = Inter-level travel time spent in this place.
 D = Time resting spent in this place.
 E = Time spent auto-exploring this place.
 F = Levels seen in this place.
 G = Mean time per level.
                   A        B        C        D        E       F      G
               +--------+--------+--------+--------+--------+-----+--------+
         Total |   6243 |   6040 |    203 |   2159 |   2826 |   5 | 1248.6 |
       Dungeon |   6243 |   6040 |    203 |   2159 |   2826 |   5 | 1248.6 |
               +--------+--------+--------+--------+--------+-----+--------+

Top non-repeatable levels by time:
     D:4: 2272 daAuts
     D:3: 1858 daAuts
     D:2: 1068 daAuts
     D:1: 635 daAuts
     D:5: 407 daAuts
